 Dungeon Crawl Stone Soup version 0.24-a0-201-gf205589 (console) character file.

Game seed: 2153551351965851523

193 bli the Poker (level 5, -9/42 HPs)
             Began as a Merfolk Monk on Mar 19, 2019.
             Mangled by an ogre
             ... wielding a +0 giant club
              (10 damage)
             ... on level 4 of the Dungeon.
             The game lasted 00:07:50 (3204 turns).

bli the Poker (Merfolk Monk)                        Turns: 3204, Time: 00:07:51

Health: -9/42      AC:  5    Str: 11    XL:     5   Next: 72%
Magic:  5/5        EV: 16    Int:  9    God:
Gold:   141        SH:  0    Dex: 18    Spells: 4/4 levels left

rFire    . . .     SeeInvis .   a - +0 spear
rCold    . . .     Gourm    .   (no shield)
rNeg     . . .     Faith    .   b - +0 robe
rPois    .         Spirit   .   n - +0 helmet
rElec    .         Reflect  .   h - +0 cloak
rCorr    .         Harm     .   (no gloves)
MR       .....     Rnd*Rage +   g - +0 pair of boots (curse)
Stlth    ++++......             (no amulet)
HPRegen  0.14/turn              l - ring of stealth
MPRegen  0.09/turn              (no ring)

@: no status effects
A: change form in water, swift swim, stealthy swim, berserk 1, sense
surroundings 1
a: no special abilities


You were on level 4 of the Dungeon.
You were not hungry.

You visited 1 branch of the dungeon, and saw 4 of its levels.

You collected 141 gold pieces.

Inventory:

Hand Weapons
 a - a +0 spear (weapon)
Missiles
 t - 4 tomahawks (quivered)
Armour
 b - a +0 robe (worn)
 g - a cursed +0 pair of boots (worn)
 h - a +0 cloak (worn)
 n - a +0 helmet (worn)
Jewellery
 l - a ring of stealth (left hand)
Scrolls
 e - 2 scrolls of random uselessness {unknown}
 j - a scroll of fear {unknown}
 k - 2 scrolls of magic mapping {unknown}
 m - 5 scrolls of identify {unknown}
 p - 2 scrolls of immolation {unknown}
 q - a scroll of remove curse {unknown}
 s - a scroll of fog {unknown}
Potions
 d - a potion of heal wounds
 i - a potion of mutation
 o - a potion of magic {unknown}
 r - 2 potions of curing {unknown}
Comestibles
 c - 8 rations


   Skills:
 + Level 4.3 Fighting
 + Level 5.9 Polearms
 + Level 5.5 Dodging
 + Level 3.8 Stealth


You had 4 spell levels left.
You didn't know any spells.
Your spell library was empty.

Dungeon Overview and Level Annotations

Branches:
Dungeon (4/15)
 Temple: D:4-7

Altars:


Innate Abilities, Weirdness & Mutations

You revert to your normal form in water You are very nimble and swift while swimming.
You are very stealthy in the water. (Stealth+)
You tend to lose your temper in combat.
You passively map a small area around you.


Message History

The ogre is moderately wounded.
You hit the ogre.
The ogre is moderately wounded.
The ogre misses you.
You hit the ogre but do no damage.
The ogre is moderately wounded.
You hit the ogre.
The ogre is heavily wounded.
The ogre completely misses you.
You hit the ogre.
The ogre is heavily wounded.
The ogre hits you with a +0 giant club!!
Ouch! That really hurt!
* * * LOW HITPOINT WARNING * * *
You completely miss the ogre.
The ogre is heavily wounded.
You hit the ogre.
The ogre is severely wounded.
The ogre hits you with a +0 giant club!
You die...

, * * , * , ** * * ** * , , ,
..# .% *, *#.# ########.#.#
##[ #.# #.@............ ###
##.####O######.#.#.# # #..,
....##h##.##* ...# * .#, #.#
#.#.##.#...####.####.#
#.#####.#.......O..........#.
#............................
#..####...........###........
####..# ######.#...##
##.#####. ...<..# #.##.##
*...,,, #####># #.#### .###**
#.# #.# * h# * *


You could see an ogre and a jackal.

Vanquished Creatures
  An orc priest (D:3)
  An orc wizard (D:3)
  7 adders
  2 oozes (D:2)
  3 worms
  3 dart slugs
  2 leopard geckos
  4 orcs (D:3)
  A ball python (D:1)
  5 bats
  A giant cockroach (D:2)
  3 goblins
  2 hobgoblins
  3 jackals (D:4)
  4 kobolds
  4 frilled lizards
  8 rats
54 creatures vanquished.

Notes
Turn   | Place    | Note
-------+----------+-------------------------------------------
     0 | D:1      | bli the Merfolk Monk began the quest for the Orb.
     0 | D:1      | Reached XP level 1. HP: 18/18 MP: 1/1
   123 | D:1      | Reached XP level 2. HP: 20/24 MP: 2/2
   739 | D:2      | Reached XP level 3. HP: 24/30 MP: 3/3
   961 | D:2      | Reached skill level 5 in Polearms
  1195 | D:2      | Reached XP level 4. HP: 34/37 MP: 4/4
  2186 | D:3      | Reached skill level 5 in Dodging
  2197 | D:3      | Gained mutation: You tend to lose your temper in combat.
                  | [potion of mutation]
  2197 | D:3      | Gained mutation: You passively map a small area around you.
                  | [potion of mutation]
  2204 | D:3      | Reached XP level 5. HP: 16/42 MP: 5/5
  3175 | D:4      | Noticed an ogre
  3202 | D:4      | HP: 1/42 [ogre/+0 giant club (23)]
  3204 | D:4      | Mangled by an ogre

Levels and vault maps discovered:
D:1:      saegor_arrival_simple_b, layout_basic
D:2:      layout_basic, minmay_misc_feat_roman, glass_columns_b, st_stairs_13
D:3:      wad_lake_hut, layout_basic
D:4:      layout_loops_ring, bloody_trog, lemuel_temple_firewalk_a,
          serial_shops, kennysheep_mini_moat

Skill      XL: |  1  2  3  4 |
---------------+-------------+-----
Fighting       | 4 |  4.3
Polearms       | 5 |  5.9
Dodging        | 5 |  5.5
Stealth        | 3 |  3.8

Action                   |  1- 3 |  4- 6 || total
-------------------------+-------+-------++-------
Melee: Spear             |   113 |   136 ||   249
       Tailslap          |       |     4 ||     4
  Use: Potion            |       |     2 ||     2
 Stab: Sleeping          |     8 |     9 ||    17
       Distracted        |     1 |       ||     1
  Eat: Chunk             |     1 |     6 ||     7
Armor: Robe              |    11 |     9 ||    20
Dodge: Dodged            |    39 |    79 ||   118

Table legend:
 A = Non-vault XP
 B = Vault XP
 C = Vault XP percentage of total XP
 D = Non-vault monster count
 E = Vault monster count
 F = Vault count percentage of total count
                 A         B        C        D         E       F
            +---------+---------+-------+---------+---------+-------
      Total |     271 |       6 |   2.2 |      53 |       1 |   1.9
            +---------+---------+-------+---------+---------+-------
        D:1 |      28 |       0 |   0.0 |      14 |       0 |   0.0
        D:2 |      68 |       6 |   8.1 |      17 |       1 |   5.6
        D:3 |     164 |       0 |   0.0 |      18 |       0 |   0.0
        D:4 |      11 |       0 |   0.0 |       4 |       0 |   0.0
            +---------+---------+-------+---------+---------+-------
